Map: Rainfall LE

Players

Anzu - Winner!

  • Race: Zerg Zerg

A.I. 1 (Elite)

  • Race: Terran Terran

VOD

Have the link to the VOD?

Description

Just practice against AI. Brood Lords dominate

Time

  • Played on: Oct. 12, 2026, 9:37 p.m.
  • Length: 25:42
Show
View Real Time Build Order
Export as new Build Order

Anzu Zerg - Winner!

Build Orders: Hatch First 

Get SALT Encoding   

  6  0:00  Drone  
  13  0:12  Overlord  
  13  0:20  Drone  
  14  0:30  Drone x2  
  16  0:48  Hatchery  
  15  0:50  Drone  
  15  0:54  Drone  
  17  1:08  Spawning Pool  
  16  1:11  Drone  
  16  1:14  Drone  
  18  1:18  Extractor  
  18  1:21  Drone  
  18  1:28  Drone  
  19  1:40  Overlord  
  19  1:49  Drone  
  20  1:55  Queen  
  20  1:59  Queen  
  24  2:01  Zergling x2  
  24  2:02  Zergling x2  
  26  2:23  Hatchery  
  26  2:25  Drone  
  26  2:27  Drone  
  27  2:30  Drone  
  27  2:33  Drone  
  29  2:51  Lair  
  29  2:55  Overlord  
  29  2:59  Queen  
  29  3:04  Overlord  
  31  3:11  Drone  
  32  3:13  Drone x2  
  32  3:14  Drone  
  32  3:17  Drone  
  36  3:20  Drone  
  37  3:35  Roach Warren  
  36  3:42  Drone x3, Extractor  
  38  3:49  Extractor, Drone x2  
  38  3:50  Drone  
  40  4:04  Drone  
  40  4:05  Drone x2  
  40  4:06  Drone x2  
  40  4:07  Drone x3  
  40  4:08  Overlord  
  48  4:10  Overlord  
  48  4:14  Drone  
  48  4:15  Drone  
  50  4:19  Glial Reconstitution  
  50  4:28  Queen  
  52  4:39  Roach  
  52  4:40  Roach x4  
  62  4:47  Drone, Evolution Chamber  
  62  5:02  Hatchery  
  61  5:11  Overlord  
  61  5:16  Zerg Missile Weapons Level 1  
  61  5:22  Extractor  
  61  5:23  Drone  
  61  5:24  Drone x2  
  63  5:37  Drone x2  
  63  5:38  Overlord  
  65  5:47  Drone x4  
  65  5:48  Drone  
  72  5:50  Roach x5  
  72  5:51  Roach  
  82  5:57  Queen  
  84  6:09  Hydralisk Den  
  83  6:17  Evolution Chamber  
  82  6:19  Roach x2, Zergling x4  
  82  6:23  Queen  
  91  6:25  Zergling x4  
  91  6:26  Zergling x8  
  96  6:49  Overlord  
  96  6:50  Overlord x4  
  96  6:55  Zerg Ground Armor Level 1  
  96  6:57  Metabolic Boost  
  96  6:59  Grooved Spines  
  96  7:07  Queen  
  98  7:11  Hydralisk x6  
  98  7:12  Hydralisk x5  
  120  7:16  Zerg Missile Weapons Level 2  
  122  7:37  Roach x5  
  122  7:38  Overlord x3  
  122  7:39  Overlord  
  130  7:46  Drone  
  131  7:54  Lair  
  131  7:58  Ravager  
  131  8:04  Ravager  
  131  8:05  Ravager x2  
  134  8:06  Ravager  
  134  8:07  Ravager  
  134  8:11  Hydralisk x3, Roach x6  
  155  8:13  Zergling x2  
  155  8:14  Zergling x2  
  157  8:23  Roach x3  
  157  8:24  Roach, Zergling x2  
  166  8:32  Drone x2  
  168  8:34  Overlord x2  
  89  9:23  Drone x6  
  95  9:29  Extractor  
  94  9:31  Extractor  
  94  9:33  Drone x2  
  94  9:34  Drone x8  
  94  9:35  Overlord, Extractor  
  102  9:47  Spire  
  102  9:50  Spire  
  100  9:53  Infestation Pit  
  99  10:05  Extractor  
  99  10:06  Drone x3  
  101  10:10  Drone  
  101  10:11  Drone x4  
  106  10:18  Overlord  
  106  10:19  Overlord  
  106  10:21  Hydralisk  
  106  10:22  Hydralisk x7  
  106  10:25  Roach  
  124  10:35  Drone  
  125  10:41  Roach x3  
  125  10:42  Roach x5  
  141  10:56  Corruptor  
  141  10:57  Corruptor  
  141  10:59  Roach  
  141  11:00  Roach x7, Extractor, Hatchery  
  159  11:06  Hive  
  159  11:08  Zerg Flyer Weapons Level 1  
  159  11:12  Zerg Ground Armor Level 2  
  159  11:16  Lurker Den  
  158  11:20  Hydralisk x3  
  158  11:21  Hydralisk x4  
  172  11:32  Zergling x10  
  177  11:38  Drone x2  
  179  11:59  Drone x2  
  179  12:00  Drone x2  
  183  12:12  Roach x5  
  183  12:13  Roach x2  
  197  12:17  Lurker  
  197  12:18  Lurker  
  199  12:33  Greater Spire  
  144  13:30  Corruptor x5  
  154  13:45  Brood Lord  
  154  13:47  Corruptor x5  
  166  13:50  Brood Lord  
  166  13:54  Corruptor x2  
  166  13:55  Mutalisk x5  
  172  13:56  Mutalisk  
  172  13:57  Roach x2  
  172  14:00  Seismic Spines  
  188  14:03  Zerg Missile Weapons Level 3  
  188  14:04  Zerg Ground Armor Level 3  
  188  14:07  Zerg Flyer Weapons Level 2  
  188  14:09  Zerg Flyer Armor Level 1  
  188  14:14  Queen  
  190  14:21  Queen  
  192  14:26  Brood Lord  
  192  14:28  Brood Lord  
  192  14:29  Queen  
  198  14:45  Burrow  
  198  14:57  Adaptive Talons  
  198  15:02  Drone x2  
  198  15:03  Extractor  
  199  15:13  Hatchery  
  196  15:14  Extractor  
  196  15:15  Extractor  
  151  15:43  Brood Lord  
  151  15:44  Brood Lord  
  151  16:17  Drone x3  
  151  16:18  Drone x6  
  159  16:19  Corruptor x4  
  159  16:20  Corruptor x5  
  159  16:21  Hydralisk x2  
  182  16:34  Lurker  
  182  16:37  Lurker  
  184  16:41  Brood Lord  
  184  16:45  Swarm Host  
  184  16:46  Swarm Host x2  
  195  16:50  Infestor  
  195  16:51  Infestor  
  199  17:07  Zerg Flyer Weapons Level 3  
  199  17:09  Hatchery, Zerg Flyer Armor Level 2  
  199  17:12  Muscular Augments  
  199  17:13  Zerg Melee Weapons Level 1  
  128  18:00  Brood Lord  
  115  18:08  Brood Lord  
  115  18:09  Brood Lord  
  115  18:10  Brood Lord  
  121  18:14  Queen  
  123  18:33  Corruptor x2  
  123  18:34  Corruptor x2  
  125  18:35  Corruptor  
  125  18:36  Corruptor, Infestor x3  
  153  18:49  Queen  
  153  18:52  Drone x4  
  153  18:54  Drone x5  
  153  18:55  Drone  
  165  19:07  Extractor  
  164  19:17  Brood Lord  
  166  19:30  Hydralisk x4  
  174  19:35  Zergling x22  
  174  19:36  Zergling x4  
  187  19:41  Corruptor  
  187  19:44  Corruptor x4  
  197  19:47  Brood Lord  
  197  19:52  Zergling x2  
  185  20:36  Hatchery  
  185  20:38  Extractor x2  
  173  21:07  Brood Lord, Corruptor  
  173  21:08  Corruptor x4  
  178  21:19  Brood Lord  
  180  21:26  Zerg Flyer Armor Level 3, Zerg Melee Weapons Level 2  
  180  21:28  Adrenal Glands  
  180  21:30  Tunneling Claws  
  180  21:42  Drone x2  
  180  21:43  Drone x2  
  184  23:02  Infestor x2  
  184  23:42  Neural Parasite  
Show
View Real Time Build Order
Export as new Build Order

A.I. 1 (Elite) Terran 

Build Orders: 2 Factory 

Get SALT Encoding   

  6  0:00  SCV  
  13  0:13  SCV  
  14  0:18  Supply Depot  
  14  0:25  SCV  
  15  0:39  SCV  
  16  0:43  Barracks  
  16  0:51  SCV  
  17  1:03  SCV  
  18  1:15  SCV  
  18  1:16  Supply Depot  
  19  1:20  Refinery  
  19  1:28  SCV  
  19  1:29  Marine  
  21  1:40  SCV  
  22  1:47  Marine  
  22  1:48  Refinery  
  22  1:52  SCV  
  24  2:04  SCV  
  24  2:05  Marine  
  26  2:16  SCV  
  26  2:19  Factory  
  27  2:23  Marine  
  27  2:28  SCV  
  29  2:37  Factory  
  29  2:40  SCV, Marine  
  29  2:42  Supply Depot  
  31  2:53  Orbital Command  
  31  3:03  Marine, Factory Tech Lab  
  32  3:18  SCV  
  33  3:21  Marine  
  33  3:23  Command Center, Factory Tech Lab  
  34  3:30  SCV  
  35  3:42  SCV  
  36  3:55  SCV  
  37  3:57  Barracks  
  37  4:04  Supply Depot  
  37  4:07  SCV  
  38  4:19  SCV  
  39  4:25  Siege Tank  
  39  4:26  Siege Tank  
  39  4:28  Supply Depot  
  39  4:31  SCV  
  46  4:34  Marine  
  46  4:35  SCV  
  48  4:41  Supply Depot  
  48  4:43  SCV  
  49  4:47  SCV  
  50  4:55  SCV  
  50  4:56  Barracks  
  50  4:58  Siege Tank x2  
  50  4:59  SCV  
  58  5:02  Barracks Tech Lab  
  58  5:04  Marine  
  59  5:07  SCV  
  59  5:11  SCV  
  61  5:19  SCV  
  62  5:22  Marine  
  62  5:23  SCV  
  62  5:24  Marauder  
  62  5:28  Stimpack  
  66  5:36  Starport  
  66  5:37  Command Center  
  66  5:40  Marine  
  67  5:44  Barracks Tech Lab  
  67  5:45  Marauder  
  69  5:53  Supply Depot  
  69  5:59  Barracks Reactor  
  69  6:02  Marine  
  69  6:05  Combat Shield  
  69  6:06  Marauder  
  71  6:14  Medivac  
  73  6:20  Marauder  
  73  6:21  Engineering Bay  
  73  6:24  Supply Depot  
  75  6:28  Marauder  
  77  6:42  Marauder  
  79  6:47  Terran Infantry Weapons Level 1  
  79  6:49  SCV, Marauder  
  79  6:54  Refinery  
  82  7:03  Marauder  
  82  7:06  Refinery  
  84  7:11  Concussive Shells, Marine x2  
  84  7:12  Engineering Bay  
  86  7:16  SCV  
  86  7:17  SCV x2  
  89  7:24  Command Center  
  89  7:29  SCV  
  90  7:31  SCV  
  90  7:32  SCV  
  90  7:36  Marauder  
  94  7:38  Terran Infantry Armor Level 1  
  94  7:40  Marauder  
  65  7:44  Medivac  
  96  7:47  Supply Depot  
  96  7:49  Marine  
  96  7:50  Marine  
  100  7:58  Marauder  
  102  8:02  Marauder  
  102  8:03  Orbital Command  
  103  8:07  Hellion  
  103  8:10  Hellion  
  107  8:14  Supply Depot  
  107  8:22  Armory  
  107  8:28  Hellion  
  109  8:37  SCV, Armory  
  109  8:39  SCV  
  111  8:42  SCV  
  111  8:44  SCV  
  108  8:49  SCV  
  108  8:50  Marauder  
  108  8:51  SCV  
  108  8:54  SCV  
  108  8:55  Marine  
  88  8:56  Marine  
  88  8:58  Marine  
  71  9:06  SCV  
  71  9:07  SCV  
  71  9:09  Terran Vehicle And Ship Armor Level 1, SCV  
  74  9:11  Marine, SCV  
  74  9:12  Marine  
  74  9:13  Marine  
  74  9:17  Marauder  
  80  9:19  SCV  
  80  9:20  SCV  
  80  9:21  SCV  
  80  9:23  SCV  
  84  9:25  Terran Vehicle Weapons Level 1  
  84  9:29  Marine, Medivac  
  84  9:30  Marine  
  84  9:31  SCV, Marine  
  89  9:32  SCV  
  89  9:37  Marine  
  92  9:38  Terran Infantry Weapons Level 2  
  92  9:42  Missile Turret  
  92  9:46  Missile Turret  
  92  9:47  Marauder  
  92  9:48  Marine  
  92  9:49  Marine  
  92  9:50  Orbital Command  
  96  9:55  Missile Turret  
  96  9:56  Marauder  
  96  9:58  Missile Turret  
  98  10:03  Barracks, Starport Reactor  
  98  10:06  Missile Turret, Marine  
  99  10:07  Marine  
  99  10:08  Marauder  
  99  10:09  Missile Turret  
  102  10:17  Marauder  
  104  10:24  Marine  
  105  10:30  Marauder, Marine  
  105  10:32  Missile Turret  
  105  10:34  Hi-Sec Auto Tracking  
  108  10:36  Starport  
  108  10:38  Command Center  
  108  10:39  Marauder, Viking  
  108  10:40  Medivac  
  108  10:42  Marine  
  115  10:51  Marine, Marauder  
  115  10:55  Marine  
  119  10:59  Marine  
  119  11:00  Marauder  
  119  11:01  Supply Depot  
  122  11:09  Viking, Medivac  
  122  11:10  Barracks  
  122  11:11  Ghost Academy, Barracks Tech Lab  
  126  11:12  Starport Tech Lab  
  126  11:13  Marauder  
  126  11:17  Marine  
  129  11:18  Marine  
  129  11:21  Marauder  
  132  11:26  Supply Depot  
  132  11:29  Marine  
  132  11:30  Liberator, Neosteel Armor  
  136  11:34  Marauder  
  136  11:35  Marine  
  136  11:36  Marine  
  136  11:39  Liberator, Medivac  
  145  11:43  Marauder  
  147  11:47  Marine  
  147  11:50  Supply Depot, SCV x2  
  147  11:51  SCV x2  
  147  11:52  SCV, Refinery  
  153  11:55  Marine  
  154  12:02  SCV  
  154  12:04  Marauder, Planetary Fortress, Ghost, Missile Turret  
  154  12:06  Missile Turret  
  159  12:09  Viking  
  159  12:13  Raven  
  159  12:14  Hellion, Supply Depot  
  159  12:15  Refinery x2  
  165  12:20  Siege Tank  
  165  12:22  Medivac  
  170  12:25  Refinery  
  170  12:35  Hellion  
  172  12:38  Supply Depot  
  172  12:42  Infernal Pre-Igniter  
  172  12:44  Factory  
  172  12:48  Raven  
  172  12:51  Missile Turret  
  174  12:52  Missile Turret, Hellion  
  174  12:53  Terran Infantry Weapons Level 3  
  174  12:55  Command Center  
  174  12:56  Siege Tank  
  179  13:01  Marauder  
  179  13:02  Marauder x2, Supply Depot  
  176  13:05  Marine  
  176  13:06  Marine x2  
  125  13:13  Hellion  
  111  13:22  Marine  
  111  13:23  Marauder, Marine x2  
  111  13:24  Marine x2  
  116  13:28  Hellion, Siege Tank  
  121  13:35  Hellion  
  121  13:36  Terran Vehicle Weapons Level 2  
  121  13:41  Marauder x2, Marine x2  
  125  13:42  Marine  
  125  13:44  Marauder  
  132  13:49  Hellion  
  134  13:56  Raven, Siege Tank  
  134  13:59  Marine x2  
  134  14:00  Marine  
  134  14:01  Hellion  
  134  14:02  Marauder  
  146  14:03  Marauder  
  146  14:06  Marauder  
  150  14:11  Widow Mine  
  150  14:14  Planetary Fortress  
  150  14:15  Factory  
  152  14:17  Viking  
  152  14:18  Missile Turret  
  152  14:19  Viking  
  152  14:22  Siege Tank  
  152  14:23  Marauder  
  161  14:24  Marauder  
  161  14:28  Siege Tank  
  161  14:30  Missile Turret, Viking  
  168  14:32  Widow Mine  
  170  14:42  Marine  
  170  14:43  Marine  
  170  14:45  Marine  
  173  14:46  Marine x2  
  173  14:48  Command Center  
  175  14:54  Siege Tank  
  175  14:55  Factory Tech Lab  
  175  14:56  Marine  
  175  14:58  Hellion  
  181  15:00  Cyclone  
  181  15:01  Ghost  
  186  15:13  Siege Tank  
  189  15:18  Marauder x2  
  189  15:19  Viking x2, Widow Mine  
  189  15:20  Viking  
  180  15:26  Hellion  
  155  15:30  Marauder  
  155  15:31  Marine  
  155  15:32  Cyclone  
  155  15:35  Marine x2  
  155  15:39  Marauder  
  155  15:40  Marauder  
  155  15:41  Hellion  
  129  15:45  Widow Mine  
  129  15:47  Thor  
  129  15:49  Marine, Viking x2  
  129  15:50  Raven  
  129  15:52  Marauder  
  129  15:53  Marine x2  
  135  16:00  Marine x2  
  135  16:02  Hellion  
  139  16:04  Siege Tank  
  139  16:06  Siege Tank, Marine  
  139  16:11  Marine x2  
  147  16:13  Marine  
  147  16:17  Terran Infantry Armor Level 2  
  147  16:18  Marine x2  
  150  16:19  Viking x2  
  150  16:24  Hellion, Marine, Viking  
  160  16:30  Siege Tank  
  163  16:37  Hellion  
  163  16:38  Siege Tank  
  168  16:41  Refinery  
  168  16:42  Refinery  
  168  16:46  Hellion  
  170  16:49  Viking, Medivac  
  174  16:54  Refinery, Viking  
  174  16:56  Refinery  
  174  16:58  Hellion  
  178  17:02  Siege Tank  
  178  17:04  Missile Turret  
  181  17:11  Hellion x2, Terran Vehicle Weapons Level 3  
  181  17:15  Command Center  
  185  17:16  Terran Ship Weapons Level 1  
  185  17:19  Viking x2  
  189  17:24  Viking, Planetary Fortress  
  189  17:27  Missile Turret  
  189  17:29  Missile Turret  
  191  17:30  Siege Tank  
  194  17:41  Marine x3  
  194  17:42  Marine x3  
  194  17:43  Cyclone  
  188  17:49  Viking x2  
  188  17:51  Hellion  
  156  17:54  Raven  
  145  17:58  Hellion  
  145  17:59  Marine x4  
  145  18:03  Hellion  
  133  18:09  Marine  
  133  18:10  Marine  
  133  18:12  Hellion  
  126  18:15  Cyclone  
  126  18:17  Marauder  
  126  18:19  Viking x2, Widow Mine  
  134  18:25  Hellion, Marauder  
  138  18:28  Medivac  
  138  18:29  Marauder  
  138  18:33  Hellion  
  144  18:37  Terran Infantry Armor Level 3  
  144  18:38  Marauder  
  144  18:40  Planetary Fortress  
  146  18:48  Hellion  
  148  18:49  Viking x2  
  148  18:50  Missile Turret  
  148  18:53  Missile Turret  
  152  18:57  Hellion  
  152  18:58  Raven  
  152  19:00  Widow Mine  
  152  19:02  Widow Mine  
  160  19:09  Widow Mine  
  162  19:19  Siege Tank, Viking x2  
  169  19:29  Siege Tank, Hellion  
  169  19:31  Hellion  
  176  19:32  Medivac  
  176  19:36  Marine  
  176  19:38  Marine  
  180  19:39  Marine  
  180  19:40  Marine  
  180  19:41  Marine  
  180  19:42  Marine  
  184  19:49  Medivac, Viking  
  184  19:50  Thor  
  194  19:54  Terran Vehicle And Ship Armor Level 2  
  194  19:57  Terran Ship Weapons Level 2  
  194  20:02  Viking  
  196  20:18  Marine x4, Viking  
  196  20:19  Viking, Marine  
  196  20:20  Missile Turret, Marine  
  193  20:23  Missile Turret  
  193  20:28  Hellion  
  157  20:29  Hellion  
  157  20:32  Hellion, Viking  
  157  20:36  Marine x3, Marauder  
  157  20:37  Marine  
  157  20:38  Marine  
  164  20:45  Hellion  
  164  20:48  Viking  
  164  20:49  Viking, Hellion  
  172  20:54  Marine, Marauder  
  172  20:55  Marauder, Marine  
  172  20:56  Marine  
  169  20:57  Marauder  
  169  21:00  SCV x2  
  169  21:02  Viking  
  169  21:03  SCV  
  117  21:12  Siege Tank, Marine  
  117  21:13  Marine  
  117  21:14  Marine  
  117  21:15  Marine x2  
  117  21:16  Hellion  
  110  21:18  Marine, Viking  
  110  21:19  Viking  
  103  21:32  SCV, Viking  
  102  21:33  SCV x3  
  102  21:34  SCV  
  102  21:35  SCV  
  102  21:37  Marine x2  
  102  21:39  Marine  
  99  21:42  SCV  
  99  21:43  Hellion  
  99  21:44  SCV, Hellion  
  99  21:45  SCV  
  103  21:47  Marine, SCV  
  103  21:48  Marine  
  103  21:49  SCV x2  
  103  21:51  Marine  
  103  21:52  SCV  
  96  21:56  Marine  
  96  21:57  Marine  
  96  21:59  SCV  
  96  22:00  SCV  
  94  22:04  Siege Tank  
  94  22:05  Marine, Hellion  
  94  22:06  Marine  
  99  22:09  Marine, SCV  
  99  22:12  SCV  
  99  22:13  Marine  
  99  22:14  Marine  
  95  22:15  SCV  
  95  22:16  SCV  
  95  22:17  SCV  
  95  22:22  SCV, Marine  
  89  22:24  Marine  
  89  22:25  SCV  
  89  22:26  Siege Tank  
  89  22:27  Marine, SCV x2  
  87  22:30  SCV  
  87  22:32  Marine  
  87  22:34  SCV  
  87  22:36  Siege Tank, SCV  
  91  22:41  Marauder  
  91  22:42  Marine, Viking  
  95  22:44  Marine  
  95  22:51  Marauder  
  95  22:58  Viking  
  95  22:59  Siege Tank, Marine  
  95  23:02  Marine x2  
  95  23:05  SCV x2  
  96  23:08  Hellion  
  96  23:11  Marine  
  96  23:12  SCV x3  
  92  23:14  SCV  
  92  23:17  Marine  
  92  23:18  SCV  
  88  23:20  Marauder, Marine  
  85  23:29  Marine  
  85  23:30  Hellion  
  85  23:31  Siege Tank  
  85  23:35  Marine  
  85  23:41  Marine x2  
  86  23:47  SCV, Marine  
  85  23:53  Marine  
  76  24:00  Marine  
  62  24:11  Marine  
  55  24:20  Marine  
  55  24:21  Marine  
  50  24:26  SCV, Hellion  
  50  24:29  Marine  
  49  24:35  SCV  
  49  24:36  Hellion  
  49  24:38  Marine  
  47  24:41  Marine  
  46  24:47  Marine  
  41  24:56  Marine  
  28  25:18  Command Center  
Tags
 
Add a new tag
Caveats
  • Supply blocks, unpowered buildings, or Contaminate may cause inaccurate times.
  • Supply counts are checked every 10 seconds.